 Dungeon Crawl Stone Soup version 0.24-a0-208-g17bec22d17 (webtiles) character file.

Game seed: 17039206265164838395

111 M4edhros the Charlatan (level 4, -2/28 HPs)
             Began as an Octopode Artificer on Mar 29, 2019.
             Slain by an iguana (13 damage)
             ... on level 4 of the Dungeon.
             The game lasted 00:00:56 (1067 turns).

M4edhros the Charlatan (Octopode Artificer)         Turns: 1067, Time: 00:00:57

Health: -2/28      AC:  1    Str:  8 (11) XL:     4   Next: 92%
Magic:  7/7        EV: 13    Int: 11 (13) God:
Gold:   113        SH:  0    Dex: 12 (13) Spells: 3/3 levels left

rFire    . . .     SeeInvis .   j - +1 dagger (flame)
rCold    . . .     Gourm    .   (no shield)
rNeg     . . .     Faith    .   (helmet restricted)
rPois    .         Spirit   .   (no amulet)
rElec    .         Reflect  .   (no ring)
rCorr    .         Harm     .   (no ring)
MR       .....                  (no ring)
Stlth    ++++......             (no ring)
HPRegen  0.09/turn              (no ring)
MPRegen  0.10/turn              (no ring)
                                (no ring)
                                (no ring)

@: no status effects
A: almost no armour, stealthy swim, amphibious, 8 rings, constrict 8, camouflage
1, gelatinous body 1
a: no special abilities


You were on level 4 of the Dungeon.
You were hungry.

You visited 1 branch of the dungeon, and saw 4 of its levels.

You collected 113 gold pieces.

Inventory:

Hand Weapons
 a - a +0 short sword
 j - a +1 dagger of flaming (weapon)
Jewellery
 m - an uncursed ring of stealth {unknown}
Wands
 b - a wand of flame (14)
 c - a wand of enslavement (15)
 d - a wand of random effects (15)
Scrolls
 g - 5 scrolls of identify {unknown}
 h - a scroll of fog {unknown}
 i - 3 scrolls of teleportation {unknown}
 k - a scroll of amnesia {unknown}
 l - a scroll of enchant armour {unknown}
 o - a scroll of immolation {unknown}
Potions
 e - a potion of curing {unknown}
 n - a potion of agility {unknown}
Comestibles
 f - 5 rations


   Skills:
 - Level 1.0 Fighting
 - Level 1.0 Short Blades
 - Level 2.0 Dodging
 + Level 4.7 Stealth
 + Level 4.8 Evocations


You had 3 spell levels left.
You didn't know any spells.
Your spell library was empty.

Dungeon Overview and Level Annotations

Branches:
Dungeon (4/15)
 Temple: D:4-7

Altars:


Innate Abilities, Weirdness & Mutations

You cannot wear most types of armour.
You are very stealthy in the water. (Stealth+)
You are amphibious.
You can wear up to eight rings at the same time.
You can use your tentacles to constrict eight enemies at once.
Your skin changes colour to match your surroundings (Stealth+).
Your rubbery body absorbs attacks. (AC +1, EV +1)


Message History

You hit the iguana but do no damage.
The iguana is lightly wounded.
You constrict the iguana. The iguana barely misses you.
You hit the iguana but do no damage.
The iguana is lightly wounded.
You constrict the iguana. You hit the iguana. You burn the iguana.
The iguana is heavily wounded.
You constrict the iguana, but do no damage.
The iguana barely misses you.
You hit the iguana. You burn the iguana.
The iguana is severely wounded.
You constrict the iguana, but do no damage.
The iguana bites you!
You are too injured to fight recklessly!
You are feeling hungry.
You hit the iguana but do no damage.
The iguana is severely wounded.
You constrict the iguana. The iguana bites you!
You die...

.... ##.....#...###...###≈≈
....##........#.###...### #
.....:..#...######..##..#
#.....$.###.## ##..####
....#....#...#####...#
..#.#....##.###.....##
.......†..#........####
...................##.#
#.........@#.#.#....#.####
##.........l.#.........#.##
#.#######..#.............#
... $.###.....##.##..# ..
.###....#.##...... ..
.<...##......... .. ...##
#......... ... ..
.#......... ....(....##


You could see an iguana.

Vanquished Creatures
  2 orc wizards (D:3)
  2 adders
  3 leopard geckos
  5 orcs (D:3)
  2 bats
  3 goblins
  4 hobgoblins
  3 kobolds
  A frilled lizard (D:1)
  6 rats
31 creatures vanquished.

Notes
Turn   | Place    | Note
-------+----------+-------------------------------------------
     0 | D:1      | M4edhros the Octopode Artificer began the quest for the
                  | Orb.
     0 | D:1      | Reached XP level 1. HP: 13/13 MP: 3/3
   358 | D:1      | Reached XP level 2. HP: 14/18 MP: 4/4
   518 | D:2      | Reached XP level 3. HP: 23/23 MP: 5/5
   717 | D:3      | Reached XP level 4. HP: 28/28 MP: 7/7
  1067 | D:4      | Slain by an iguana

Levels and vault maps discovered:
D:1:      minmay_arrival_stair_chambers, layout_basic
D:2:      layout_basic, corexii_corridor_pit, minmay_tetromino_t2
D:3:      layout_rooms
D:4:      layout_cave_pools, minmay_temple_entry_fiery

Skill      XL: |  1  2  3  4 |
---------------+-------------+-----
Stealth        | 2 3 4 |  4.7
Evocations     | 4 |  4.8
Fighting       | |  1.0
Short Blades   | |  1.0
Dodging        | |  2.0

Action                   |  1- 3 |  4- 6 || total
-------------------------+-------+-------++-------
Melee: Short sword       |    32 |       ||    32
       Constrict         |    12 |     8 ||    20
       Tentacles         |     6 |     3 ||     9
       Dagger            |     3 |    33 ||    36
Evoke: Wand              |       |     1 ||     1
  Use: Potion            |       |     2 ||     2
 Stab: Sleeping          |     5 |     1 ||     6
Armor: Skin              |     1 |     1 ||     2
Dodge: Dodged            |    20 |    12 ||    32

Table legend:
 A = Non-vault XP
 B = Vault XP
 C = Vault XP percentage of total XP
 D = Non-vault monster count
 E = Vault monster count
 F = Vault count percentage of total count
                 A         B        C        D         E       F
            +---------+---------+-------+---------+---------+-------
      Total |     154 |       5 |   3.1 |      29 |       2 |   6.5
            +---------+---------+-------+---------+---------+-------
        D:1 |      15 |       0 |   0.0 |       8 |       0 |   0.0
        D:2 |      22 |       5 |  18.5 |       7 |       2 |  22.2
        D:3 |     114 |       0 |   0.0 |      13 |       0 |   0.0
        D:4 |       3 |       0 |   0.0 |       1 |       0 |   0.0
            +---------+---------+-------+---------+---------+-------
